 Dungeon Crawl Stone Soup version 0.19-a0-1714-gcab94ab (webtiles) character file.

927 esc the Chopper (level 7, -6/66 HPs)
             Began as a Deep Dwarf Berserker on Sept 28, 2016.
             Was a Believer of Trog.
             Mangled by an ogre
             ... wielding a +0 giant spiked club
              (19 damage)
             ... on level 5 of the Dungeon.
             The game lasted 00:11:15 (3893 turns).

esc the Chopper (Deep Dwarf Berserker)              Turns: 3893, Time: 00:11:15

Health: -6/66      AC:  4    Str: 20    XL:     7   Next: 85%
Magic:  7/7        EV: 15    Int:  8    God:    Trog [**....]
Gold:   288        SH:  0    Dex: 14    Spells: 0 memorised, 6 levels left

rFire  . . .     SeeInvis .     a - +0 hand axe
rCold  . . .     Gourm    .     b - +0 animal skin
rNeg   . . .     Faith    .     (no shield)
rPois  .         Spirit   .     p - +0 helmet
rElec  .         Dismiss  .     (no cloak)
rCorr  +         Reflect  .     (no gloves)
MR     +....     Harm     .     (no boots)
Stlth  +.........               m - amulet of magic regeneration
                                f - ring of resist corrosion
                                (no ring)

@: non-regenerating
A: damage resistance, recharge devices, sense surroundings 1, slow regeneration
3
a: Device Recharging, Berserk, Trog's Hand, Burn Spellbooks, Renounce Religion


You were on level 5 of the Dungeon.
You worshipped Trog.
Trog was pleased with you.
You were not hungry.

You visited 1 branch of the dungeon, and saw 5 of its levels.
You also visited: Sewer.

You collected 288 gold pieces.

Inventory:

Hand Weapons
 a - a +0 hand axe (weapon)
 r - a +1 blowgun
   (You took it off a kobold in a sewer)
Missiles
 w - a throwing net {=f, !d}
Armour
 b - a +0 animal skin (worn)
 p - a +0 helmet (worn)
   (You took it off Robin on level 4 of the Dungeon)
Jewellery
 f - a ring of resist corrosion (right hand)
   (You found it on level 2 of the Dungeon)
 k - an uncursed ring of flight {+Fly, !d}
   (You found it on level 2 of the Dungeon)
 m - an amulet of magic regeneration (around neck)
   (You found it on level 2 of the Dungeon)
Wands
 c - a wand of heal wounds (4/9)
 x - a wand of lightning (5/15)
   (You found it on level 5 of the Dungeon)
 B - a wand of confusion (15/48)
   (You found it on level 5 of the Dungeon)
Scrolls
 i - 2 scrolls of blinking {!r}
 t - 4 scrolls of teleportation
 u - a scroll of fog
 y - a scroll of identify
Potions
 e - 3 potions of flight
 g - 2 potions of magic
 h - a potion of berserk rage {!q}
 j - 2 potions of heal wounds
 n - 2 potions of might
 q - 4 potions of curing
 v - a potion of mutation {!q}
 A - a potion of brilliance
Comestibles
 d - 3 bread rations {@e1}
 l - 2 meat rations {@e2}
 o - a beef jerky


   Skills:
 + Level 4.9 Fighting
 + Level 5.8 Axes
 + Level 5.5 Armour
 + Level 5.1 Dodging


You had 6 spell levels left.
You didn't know any spells.

Dungeon Overview and Level Annotations

Branches:
Dungeon (5/15)
 Temple: D:4-7

Altars:
Fedhas
Gozag

Annotations:
D:2 exclusion: oklob plant


Innate Abilities, Weirdness & Mutations

You are resistant to damage.
You can recharge devices by infusing magical energy.
You passively map a small area around you.
You do not regenerate.


Message History

You are feeling hungry.
Eating one of 9 chunks of flesh {@w0}.
You start eating one of the 9 chunks of flesh {@w0}.
You continue eating. x2
You finish eating.
q - 3 potions of curing (gained 1)
You feel yourself speed up.
There is an escape hatch in the floor here.
x - a wand of lightning
q - 4 potions of curing (gained 1)
Things that are here:
a hand axe; a chain mail
Things that are here:
a whip; a leather armour You see here a trident.
You feel less exhausted.
You now have 248 gold pieces (gained 18).
You now have 263 gold pieces (gained 15).
You now have 279 gold pieces (gained 16).
y - a scroll of identify
Okay, then.
Unknown command.
Unknown command.
You found a shaft!
t - 4 scrolls of teleportation (gained 1)
B - a wand of confusion
C - a glowing hat Wear which item? (? for menu, Esc to quit)
You start removing your armour.
You continue taking off your +0 helmet. x4
You finish taking off your +0 helmet.
You start putting on your armour.
You continue putting on your glowing hat. x5
You finish putting on your +1 hat.
Wear which item? (? for menu, Esc to quit)
You start removing your armour.
You continue taking off your +1 hat. x4
You finish taking off your +1 hat.
You start putting on your armour.
You continue putting on your +0 helmet. x5
You finish putting on your +0 helmet.
Drop what? 29/52 slots (_ for help) (? for menu, Esc to quit)
You drop a +1 hat.
C - a book of Battle Drop what? 29/52 slots (_ for help) (? for menu, Esc to quit)
Okay, then.
Unknown command.
Unknown command.
Drop what? 29/52 slots (_ for help) (? for menu, Esc to quit)
Really drop
v - a ring of wizardry {Wiz+, !d}?
You remove your ring of wizardry {Wiz+, !d}.
You drop an uncursed ring of wizardry {Wiz+, !d}.
Drop what? 28/52 slots (_ for help) (? for menu, Esc to quit)
Okay, then.
Drop what? 28/52 slots (_ for help) (? for menu, Esc to quit)
You drop a book of Battle.
The spellbook bursts into flames.
Trog is delighted!
Found an opulent altar of Gozag.
You now have 280 gold pieces (gained 1).
You now have 281 gold pieces (gained 1).
You now have 282 gold pieces (gained 1).
You now have 283 gold pieces (gained 1).
You now have 285 gold pieces (gained 2).
You now have 286 gold pieces (gained 1).
You now have 287 gold pieces (gained 1).
You now have 288 gold pieces (gained 1).
There is an opulent altar of Gozag here.
y - 2 scrolls of identify (gained 1) All of the chunks of flesh in your inventory have rotted away.
v - a fuming yellow potion
As you read the scroll of identify, it crumbles to dust.
v - a potion of mutation An ogre comes into view.
It is wielding a giant spiked club.
The ogre shouts!
Unknown command.
Wield which item (- for none, * to show all)? (? for menu, Esc to quit)
r - a +1 blowgun (weapon)
Aim: an ogre, wielding a giant spiked club You shoot a poisoned needle.
The poisoned needle hits the ogre.
The ogre is poisoned.
Aim: an ogre, wielding a giant spiked club (poisoned)
You shoot a poisoned needle. The poisoned needle hits the ogre.
The ogre looks even sicker.
Aim: an ogre, wielding a giant spiked club (lightly wounded, poisoned)
You shoot a poisoned needle. The poisoned needle hits the ogre.
The ogre looks even sicker.
Firing (i - inventory): No suitable missiles.
Aim: an ogre, wielding a giant spiked club (heavily wounded, poisoned)
Okay, then.
Wield which item (- for none, * to show all)? (? for menu, Esc to quit)
a - a +0 hand axe (weapon)
The ogre looks more healthy.
You hit the ogre but do no damage.
The ogre hits you with a giant spiked club.
You hit the ogre. You hit the ogre.
The ogre hits you with a giant spiked club!!
* * * LOW HITPOINT WARNING * * *
You take 19 damage, and have 13/66 hp.
MASSIVE DAMAGE!!
You hit the ogre.
The ogre hits you with a giant spiked club!!
You die...

### #....# #.# ##....##.# #
#....###.####.....##.# #
#............._...##.# #
#....###.####......#.#
######....###.###..######.##
............=..............#
######....###.##..##########
# #[...# #.##.## ######
#.##@# #.##O# #.##.# #.##.#
#.##.# #.##.# #.##.# #.##.#
#.##.#


You could see an ogre.

Vanquished Creatures
  Sigmund (D:2)
  2 big kobolds (Sewer)
  2 scorpions (D:4)
  3 jellies (D:5)
  3 orc priests (D:5)
  An orc wizard (D:4)
  A centaur skeleton (D:5)
  A hound (D:5)
  An iguana (D:5)
  A worker ant (D:5)
  Robin (D:4)
  8 adders
  2 oozes (Sewer)
  6 worms
  A dart slug (D:2)
  7 leopard geckos
  8 orcs
  2 ball pythons
  2 giant cockroaches
  9 goblins
  10 hobgoblins
  13 jackals
  11 kobolds
  2 quokkas
  2 bats (D:1)
  5 rats
105 creatures vanquished.

Notes
Turn   | Place    | Note
-------+----------+-------------------------------------------
     0 | D:1      | esc the Deep Dwarf Berserker began the quest for the Orb.
     0 | D:1      | Reached XP level 1. HP: 20/20 MP: 1/1
   400 | D:1      | Reached XP level 2. HP: 13/27 MP: 2/2
   757 | D:2      | HP: 6/27 [worm (1)]
   798 | D:2      | Reached XP level 3. HP: 7/33 MP: 3/3
   803 | D:2      | HP: 1/33 [worm (6)]
   855 | D:2      | Noticed Sigmund
   865 | D:2      | HP: 11/49 [Sigmund/puff of flame (7)]
   867 | D:2      | Killed Sigmund
   867 | D:2      | Reached skill level 3 in Fighting
   867 | D:2      | Reached skill level 4 in Axes
   867 | D:2      | Reached skill level 3 in Armour
   867 | D:2      | Reached skill level 3 in Dodging
   867 | D:2      | Reached XP level 4. HP: 15/42 MP: 4/4
   867 | D:2      | Reached XP level 5. HP: 17/49 MP: 5/5
  1203 | D:2      | Found a blossoming altar of Fedhas.
  1218 | D:2      | Noticed an oklob plant
  1407 | D:3      | Reached ** piety under Trog
  1509 | D:3      | Found a glowing drain.
  1564 | D:3      | Reached skill level 4 in Armour
  1585 | Sewer    | Entered a sewer
  1616 | Sewer    | HP: 7/50 [worm (8)]
  1616 | Sewer    | HP: 3/50 [worm (4)]
  1626 | Sewer    | Reached XP level 6. HP: 27/57 MP: 6/6
  1706 | Sewer    | HP: 14/57 [worm (8)]
  1986 | Sewer    | HP: 14/57 [big kobold/dagger (1)]
  1990 | Sewer    | Reached skill level 4 in Fighting
  1990 | Sewer    | Reached skill level 4 in Dodging
  2386 | D:4      | Noticed Robin
  2412 | D:4      | Killed Robin
  2619 | D:4      | Reached skill level 5 in Axes
  2702 | D:4      | HP: 11/57 [scorpion (5)]
  2711 | D:4      | HP: 3/57 [scorpion (5)]
  2724 | D:4      | HP: 11/57 [scorpion (7)]
  2729 | D:4      | HP: 2/57 [scorpion (5)]
  2730 | D:4      | Reached XP level 7. HP: 2/66 MP: 7/7
  2794 | D:4      | Reached skill level 5 in Armour
  3455 | D:5      | Entered Level 5 of the Dungeon
  3460 | D:5      | HP: 12/66 [worker ant (7)]
  3532 | D:5      | HP: 16/66 [worm (7)]
  3602 | D:5      | Reached skill level 5 in Dodging
  3762 | D:5      | Found an opulent altar of Gozag.
  3892 | D:5      | HP: 13/66 [ogre/giant spiked club (19)]
  3893 | D:5      | Mangled by an ogre

Vault maps used:
D:1:      dpeg_arrival_concentric_ovals
D:2:      tgw_fedhas, uniq_sigmund
D:3:      gup_sewer_entry_glass, hex_medium
D:4:      first_bread, uniq_robin
D:5:      nicolae_gozag_seed_capital, minmay_mini_ossuary
Sewer:    sewer_co_15_rooms

Skill      XL: |  1  2  3  4  5  6  7 |
---------------+----------------------+-----
Fighting       | 3 4 |  4.9
Axes           | 4 5 |  5.8
Armour         | 3 4 5 |  5.5
Dodging        | 3 4 5 |  5.1

Action                   |  1- 3 |  4- 6 |  7- 9 || total
-------------------------+-------+-------+-------++-------
Melee: Hand axe          |    78 |   319 |    90 ||   487
 Fire: Blowgun           |       |       |     3 ||     3
Invok: Berserk           |     1 |     2 |     1 ||     4
       Trog's Hand       |       |     5 |     4 ||     9
       Burn Spellbooks   |       |       |     1 ||     1
Evoke: Wand              |     1 |     3 |     1 ||     5
  Use: Scroll            |     2 |     6 |     6 ||    14
       Potion            |       |     2 |       ||     2
 Stab: Sleeping          |     1 |     1 |       ||     2
  Eat: Chunk             |       |    10 |     6 ||    16
       Pizza             |       |     1 |       ||     1
Armor: Animal skin       |    13 |    30 |    16 ||    59
Dodge: Dodged            |    57 |   188 |    72 ||   317

Vault maps used:
D:1:      dpeg_arrival_concentric_ovals
D:2:      tgw_fedhas, uniq_sigmund
D:3:      gup_sewer_entry_glass, hex_medium
D:4:      first_bread, uniq_robin
D:5:      nicolae_gozag_seed_capital, minmay_mini_ossuary
Sewer:    sewer_co_15_rooms

Table legend:
 A = Turns spent in this place as a percentage of turns spent in the entire game.
 B = Non-inter-level travel turns spent in this place as a percentage of non-inter-level travel turns spent in the entire game.
 C = Inter-level travel turns spent in this place as a percentage of turns spent in this place.
 D = Turns resting spent in this place as a percentage of non-inter-level travel turns spent in this place.
 E = Turns spent auto-exploring this place as a percentage of non-inter-level travel turns spent in this place.
 F = Non-inter-level travel turns spent in this place divided by the number of levels of this place that you've seen.
                   A       B       C       D       E      F
               +-------+-------+-------+-------+-------+----------------------
         Total | 100.0 | 100.0 |   0.3 |   0.1 |   6.7 | 256.8
       Dungeon |  80.1 |  80.1 |   0.3 |   0.0 |   7.1 | 246.8
         Sewer |  19.9 |  19.9 |   0.0 |   0.7 |   5.2 | 307.0
               +-------+-------+-------+-------+-------+----------------------

Table legend:
 A = Kills in this place as a percentage of kills in entire the game.
 B = Kills by you in this place as a percentage of kills by you in the entire game.
 C = Kills by friends in this place as a percentage of kills by friends in the entire game.
 D = Other kills in this place as a percentage of other kills in the entire game.
 E = Experience gained in this place as a percentage of experience gained in the entire game.
 F = Experience gained in this place divided by the number of levels of this place that you have seen.
                   A       B       C       D       E      F
               +-------+-------+-------+-------+-------+----------------------
         Total | 100.0 | 100.0 |  -nan |  -nan | 100.0 | 220.8
       Dungeon |  82.9 |  82.9 |  -nan |  -nan |  80.8 | 214.2
         Sewer |  17.1 |  17.1 |  -nan |  -nan |  19.2 | 254.0
               +-------+-------+-------+-------+-------+----------------------
